[Event "Team 45 45 League T57"]
[Site "Internet Chess Club"]
[Date "2013.06.02"]
[Round "2"]
[White "sohamjoshi"]
[Black "Elalfer"]
[Result "0-1"]
[WhiteElo "1383"]
[BlackElo "1456"]
[Opening "Torre attack (Tartakower variation)"]
[ECO "D03"]
[Time "12:00:29"]
[TimeControl "2700+45"]

1. d4 d5 2. Nf3 Nf6 3. Bg5 Ne4 4. Bf4 e6 5. Nbd2 Bd6 6. Bxd6 Nxd6 7. c3 O-O 8.
e3 Nd7 9. Bd3 c5 10. b3 b5 11. c4 bxc4 12. bxc4 cxd4 13. Nxd4 Ne5 14. Be2 Nexc4
15. Nxc4 Nxc4 16. O-O Ba6 17. Nc6 Qd6 18. Nd4 Rab8 19. Rb1 Rxb1 20. Qxb1 Nd2 21.
Qd1 Nxf1 22. Bxf1 Bxf1 23. Qxf1 Rc8 24. Nb5 Qb6 25. a4 a6 26. Nd4 Qb2 27. Ne2
Rc2 28. Ng3 Rc1 29. h3 Rxf1+ 30. Nxf1 Qb4 31. Kh2 Qxa4 32. Kg1 Qc4 33. Ng3 a5
34. Nf1 a4 35. Nd2 Qc1+ 36. Nf1 a3 37. g3 a2 38. h4 a1=Q 39. Kh2 Qxf1 40. f4
Qh1# {White checkmated} 0-1

[Event "Team 45 45 League T57"]
[Site "Internet Chess Club"]
[Date "2013.05.31"]
[Round "2"]
[White "Berke"]
[Black "Bizzy-Ketty"]
[Result "1-0"]
[WhiteElo "1597"]
[BlackElo "1452"]
[Opening "Scotch gambit: Dubois-Réti defense"]
[ECO "C55"]
[Time "16:30:51"]
[TimeControl "2700+45"]

1. e4 e5 2. Nf3 Nc6 3. d4 exd4 4. Bc4 Nf6 5. e5 d5 6. Bb5 Ne4 7. Nxd4 Bd7 8.
Nxc6 bxc6 9. Bd3 Be7 10. Nd2 Nc5 11. Be2 O-O 12. O-O Rb8 13. b3 f6 14. exf6 Bxf6
15. Rb1 Re8 16. c4 Qe7 17. Bf3 dxc4 18. Nxc4 Ne4 19. Bf4 Nc3 20. Qc2 Nxb1 21.
Qxb1 Rb7 22. Qc1 Qe6 23. Na5 Rb4 24. Bxc7 Rc8 25. Bg3 c5 26. Nc4 Bb5 27. Re1 Qd7
28. Nd6 Rb8 29. Qxc5 Ba6 30. Bd5+ Kh8 31. Nf7+ Kg8 32. Bxb8 Rb5 33. Ne5+ Kh8 34.
Nxd7 Rxc5 35. Nxc5 h6 36. Nxa6 Bc3 37. Re8+ Kh7 38. Be4+ g6 39. Be5 Bxe5 40.
Rxe5 Kg7 41. Nc7 Kf6 42. Re6+ Kg5 43. Nd5 h5 44. Rxg6+ Kh4 45. g3+ Kh3 46. Bf5#
{Black checkmated} 1-0

[Event "Team 45 45 League T57"]
[Site "Internet Chess Club"]
[Date "2013.05.31"]
[Round "2"]
[White "MateMaster"]
[Black "QuimCatala"]
[Result "0-1"]
[WhiteElo "1386"]
[BlackElo "1401"]
[Opening "Sicilian: closed"]
[ECO "B23"]
[Time "19:00:07"]
[TimeControl "2700+45"]

1. e4 c5 2. Nc3 d6 3. f4 Nc6 4. Nf3 g6 5. Bc4 Bg4 6. O-O Bg7 7. d3 a6 8. Qe1 e6
9. h3 Bxf3 10. Rxf3 Nd4 11. Rf1 Nxc2 12. Qe2 Nxa1 13. Be3 b5 14. Bxe6 fxe6 15.
Rxa1 Bxc3 16. bxc3 Qf6 17. Rc1 Ne7 18. d4 c4 19. f5 exf5 20. exf5 Qxf5 21. Rf1
Qe4 22. Qf2 Nf5 23. Bg5 Kd7 24. Re1 Qd3 25. Kh2 Rae8 26. Rxe8 Rxe8 27. d5 Kc8
28. Bf4 Kb7 29. a4 Re2 30. Qf1 Nh4 31. axb5 Rxg2+ 32. Qxg2 Nxg2 33. Kxg2 Qxd5+
34. Kf2 g5 35. Be3 Qxb5 36. h4 gxh4 37. Kg2 a5 38. Kh3 Qh5 39. Bf2 a4 40. Bxh4
a3 41. Kg2 a2 42. Bg5 Qxg5+ 43. Kh2 Qe3 44. Kg2 a1=Q 45. Kh2 {White resigns} 0-1

[Event "Team 45 45 League T57"]
[Site "Internet Chess Club"]
[Date "2013.05.30"]
[Round "2"]
[White "tryanything"]
[Black "rookmaster23"]
[Result "0-1"]
[WhiteElo "1536"]
[BlackElo "1674"]
[Opening "Sicilian: Grand Prix attack"]
[ECO "B21"]
[Time "19:55:08"]
[TimeControl "2700+45"]

1. e4 c5 2. f4 Nc6 3. Nf3 g6 4. Nc3 Bg7 5. Be2 e6 6. d3 Nge7 7. Be3 b6 8. O-O d5
9. exd5 exd5 10. Bf2 O-O 11. Rb1 Re8 12. Re1 d4 13. Ne4 Nd5 14. Qc1 Qc7 15. g3
Bg4 16. Kg2 Re7 17. h3 Bf5 18. Bf1 Rae8 19. Ned2 Rxe1 20. Nxe1 Qd7 21. Kh2 Bh6
22. Ndf3 Qd6 23. Ng2 Qd7 24. Ngh4 Ne3 25. Nxf5 Qxf5 26. Qd2 Bxf4 27. Nh4 Nxf1+
28. Rxf1 Bxd2 29. Nxf5 gxf5 {White resigns} 0-1

[Event "Team 45 45 League T57"]
[Site "Internet Chess Club"]
[Date "2013.06.02"]
[Round "2"]
[White "smsxman"]
[Black "okieman888"]
[Result "1-0"]
[WhiteElo "1472"]
[BlackElo "1433"]
[Opening "French defense"]
[ECO "C00"]
[Time "12:00:45"]
[TimeControl "2700+45"]

1. e4 e6 2. Nf3 d5 3. exd5 exd5 4. d4 Nf6 5. Nc3 Bd6 6. Bg5 O-O 7. Be2 Nc6 8.
Nxd5 Be7 9. Nxf6+ Bxf6 10. Bxf6 Qxf6 11. O-O Bf5 12. c3 Rfe8 13. Re1 Rad8 14.
Bb5 a6 15. Ba4 b5 16. Bb3 h6 17. Re3 Na5 18. Ne5 Nc4 19. Nxc4 bxc4 20. Bxc4 Qc6
21. Qb3 Qf6 22. Rae1 Rxe3 23. fxe3 Be4 24. Rf1 Qe7 25. Rxf7 {Black resigns} 1-0

[Event "Team 45 45 League T57"]
[Site "Internet Chess Club"]
[Date "2013.05.31"]
[Round "2"]
[White "akshayk06"]
[Black "Toalla"]
[Result "1-0"]
[WhiteElo "1517"]
[BlackElo "1312"]
[Opening "English opening"]
[ECO "E61"]
[Time "13:01:06"]
[TimeControl "2700+45"]

1. c4 g6 2. Nc3 Bg7 3. d4 Nf6 4. Nf3 e6 5. Bg5 O-O 6. e4 h6 7. Bh4 g5 8. Bg3 d6
9. Bd3 c6 10. e5 dxe5 11. Nxe5 Qa5 12. O-O Nbd7 13. f4 Nxe5 14. dxe5 Qc5+ 15.
Kh1 Nh7 16. Bxh7+ Kxh7 17. Qd3+ Kh8 18. fxg5 hxg5 19. Ne4 Qe7 20. Nf6 Bxf6 21.
Rxf6 Rg8 22. Bf4 Rg6 23. Qh3+ Kg7 24. Bxg5 {Black resigns} 1-0

[Event "Team 45 45 League T57"]
[Site "Internet Chess Club"]
[Date "2013.06.02"]
[Round "2"]
[White "Tribe97"]
[Black "stantheman59"]
[Result "1-0"]
[WhiteElo "1263"]
[BlackElo "1210"]
[Opening "English, 1...Nf6 (Anglo-Indian defense)"]
[ECO "A15"]
[Time "18:02:25"]
[TimeControl "2700+45"]

1. c4 Nf6 2. g3 e6 3. Bg2 c6 4. d4 d5 5. cxd5 cxd5 6. Nc3 Bd7 7. Bg5 Be7 8. Nf3
O-O 9. O-O Nc6 10. Ne5 Nxe5 11. dxe5 Ne4 12. Bxe7 Qxe7 13. Nxe4 dxe4 14. Bxe4
Rfd8 15. Qd3 Rac8 16. Bxh7+ Kf8 17. Be4 b6 18. Rac1 Bc6 19. Qf3 Bxe4 20. Qxe4
Rxc1 21. Rxc1 Kg8 22. h4 f6 23. exf6 gxf6 24. Qg6+ Qg7 25. Qxg7+ Kxg7 26. Rc7+
Kg6 27. Rxa7 Rd2 28. b4 Rxe2 29. Kf1 Rb2 30. a3 f5 31. Ra6 Kh5 32. Rxb6 Kg4 33.
Rxe6 Rb3 34. Re3 Rb2 35. Kg2 Rc2 36. b5 f4 37. gxf4 Kxf4 38. Rb3 Kg4 39. b6 Rc8
40. b7 Rb8 41. a4 Kxh4 42. a5 Rg8+ 43. Rg3 {Black resigns} 1-0

[Event "Team 45 45 League T57"]
[Site "Internet Chess Club"]
[Date "2013.06.02"]
[Round "2"]
[White "fuzzface"]
[Black "Nxs123"]
[Result "0-1"]
[WhiteElo "1320"]
[BlackElo "1509"]
[Opening "English opening"]
[ECO "A20"]
[Time "09:00:08"]
[TimeControl "2700+45"]

1. c4 e5 2. g3 Nf6 3. Bg2 Bc5 4. e3 a6 5. Nc3 Nc6 6. a3 O-O 7. b4 Ba7 8. Nge2 d6
9. O-O Be6 10. d3 Rb8 11. Nd5 Bxd5 12. cxd5 Ne7 13. Nc3 c6 14. e4 cxd5 15. exd5
h6 16. Ne4 Nexd5 17. Qb3 Nxe4 18. dxe4 Nf6 19. Be3 Bxe3 20. Qxe3 b5 21. Rac1 Qb6
22. Qd2 Rbc8 23. Rcd1 Rfd8 24. Qe2 Rc4 25. Kh1 Qc6 26. f3 Rc2 27. Qe3 Rc3 28.
Rc1 Rxe3 29. Rxc6 Rxa3 30. Rd1 Ra4 31. h3 d5 32. exd5 Rxd5 33. Rxd5 Nxd5 34. f4
Nxb4 35. Rc8+ Kh7 36. fxe5 Nd3 37. Rc7 Nxe5 38. Bd5 f6 39. Bb3 Ra1+ 40. Kg2 a5
41. Bc2+ Ng6 42. h4 h5 43. g4 Kh6 44. Rc5 hxg4 45. h5 Nf4+ 46. Kg3 Nxh5+ 47.
Kxg4 Rg1+ 48. Kh4 g5+ 49. Kh3 Nf4+ 50. Kh2 Rg2+ 51. Kh1 b4 52. Be4 Re2 53. Bf3
Re3 54. Bg4 a4 55. Rc4 a3 56. Kh2 b3 57. Bf5 Re7 58. Ra4 a2 59. Ra6 Kg7 60. Ra3
Rb7 61. Be4 b2 62. Rxa2 b1=Q 63. Bxb1 Rxb1 64. Ra7+ Kg6 65. Kg3 Nh5+ 66. Kg4 f5+
67. Kf3 g4+ 68. Kg2 f4 69. Ra6+ Kg5 70. Ra5+ Kh4 71. Kh2 Rb2+ 72. Kg1 Kg3 73.
Kf1 f3 74. Ke1 f2+ {White resigns} 0-1

[Event "Team 45 45 League T57"]
[Site "Internet Chess Club"]
[Date "2013.06.01"]
[Round "2"]
[White "Tribe97"]
[Black "RockingCHESS"]
[Result "1-0"]
[WhiteElo "1248"]
[BlackElo "1063"]
[Opening "English opening"]
[ECO "A20"]
[Time "09:30:47"]
[TimeControl "2700+45"]

1. c4 e5 2. g3 Nf6 3. Bg2 d6 4. Nc3 Be7 5. d3 O-O 6. Nf3 Nc6 7. O-O Nd4 8. Nxd4
exd4 9. Nd5 c6 10. Nxe7+ Qxe7 11. Bg5 Be6 12. Qd2 d5 13. cxd5 Bxd5 14. Bxd5 cxd5
15. Rac1 Rae8 16. Bxf6 Qxf6 17. Rc7 Qe6 18. Re1 Qh3 19. Rec1 Qe6 20. R1c2 Qh3
21. Qg5 Re6 22. Rc8 Rh6 23. Rxf8+ Kxf8 24. Qd8# {Black checkmated} 1-0

[Event "Team 45 45 League T57"]
[Site "Internet Chess Club"]
[Date "2013.06.03"]
[Round "2"]
[White "MasterD"]
[Black "wildangels"]
[Result "1-0"]
[WhiteElo "1270"]
[BlackElo "1078"]
[Opening "Sicilian: closed"]
[ECO "B23"]
[Time "20:00:18"]
[TimeControl "2700+45"]

1. e4 c5 2. Nc3 d6 3. f4 Nc6 4. Nf3 Bg4 5. Bb5 Qc7 6. d3 Bd7 7. Bxc6 Bxc6 8. O-O
f6 9. f5 Bd7 10. Bf4 e5 11. fxe6 Bxe6 12. Qe1 Be7 13. Qg3 g6 14. Nd5 Qd7 15.
Nxe7 Qxe7 16. Bxd6 Qd7 17. Bxc5 Bg4 18. Bb4 Rc8 19. Bc3 h5 20. Nh4 Ne7 21. Bxf6
Rf8 22. Bxe7 Rxf1+ 23. Rxf1 Qxe7 24. Nxg6 Qg7 25. Ne5 Rxc2 26. Nxg4 hxg4 27.
Qb8+ Kd7 28. Qxb7+ Rc7 29. Qd5+ Ke8 30. Qe6+ Re7 31. Qc8# {Black checkmated} 1-0

[Event "Team 45 45 League T57"]
[Site "Internet Chess Club"]
[Date "2013.06.02"]
[Round "2"]
[White "arconia"]
[Black "g8wrb"]
[Result "0-1"]
[WhiteElo "1315"]
[BlackElo "1460"]
[Opening "French: advance, Paulsen attack"]
[ECO "C00"]
[Time "09:00:18"]
[TimeControl "2700+45"]

1. e4 e6 2. Nf3 d5 3. e5 c5 4. c3 Nc6 5. d4 cxd4 6. cxd4 Bd7 7. Be2 Qb6 8. O-O
Bb4 9. a3 Qa5 10. Bg5 Nge7 11. Nbd2 Bxd2 12. Bxd2 Qb6 13. Bc3 Rc8 14. Qc2 Nxd4
15. Nxd4 Qxd4 16. Rad1 Qf4 17. Rd3 O-O 18. g3 Qxe5 19. Qd2 Qc7 20. Bxg7 Kxg7 21.
Qg5+ Ng6 22. Bh5 Qe5 23. f4 Qxg5 24. fxg5 Bb5 25. Be2 Bxd3 26. Bxd3 Rc5 27. h4
Ne5 28. Bb1 Rfc8 29. h5 Rc1 30. h6+ Kh8 {White resigns} 0-1

[Event "Team 45 45 League T57"]
[Site "Internet Chess Club"]
[Date "2013.06.02"]
[Round "2"]
[White "AtomicDog"]
[Black "chips"]
[Result "1-0"]
[WhiteElo "1363"]
[BlackElo "1263"]
[Opening "Owen defense"]
[ECO "B00"]
[Time "08:07:55"]
[TimeControl "2700+45"]

1. e4 b6 2. Nc3 Bb7 3. f3 d5 4. d4 dxe4 5. fxe4 e6 6. a3 g6 7. Be3 Bg7 8. Bc4 a6
9. Qd3 Qh4+ 10. g3 Qd8 11. O-O-O Bh6 12. Bxh6 Nxh6 13. h3 Qg5+ 14. Kb1 Ng8 15.
Nf3 Qxg3 16. d5 Qd6 17. e5 Qd8 18. Qe3 Nd7 19. Rhf1 Qe7 20. Ng5 f5 21. Nxe6 Nc5
22. Nxc5 Qxc5 23. Qxc5 bxc5 24. Na4 O-O-O 25. Nxc5 Ne7 26. Nxb7 Kxb7 27. Kc1 c6
28. d6 Nc8 29. Rd3 Nb6 30. Ba2 h6 31. e6 Nd5 32. Bxd5 Rxd6 33. Bc4 Rxd3 34. Bxd3
Re8 35. Re1 Kc7 36. Bxa6 Kd6 37. Bc4 Kc5 38. Ba2 Kd4 39. Kd2 c5 40. a4 c4 41. a5
Kc5 42. a6 g5 43. a7 g4 44. hxg4 fxg4 45. e7 h5 46. a8=Q Rxa8 47. e8=Q Rxe8 48.
Rxe8 h4 49. Re4 c3+ 50. bxc3 g3 51. Rxh4 g2 52. Rg4 g1=N 53. Rxg1 Kc6 54. Kd3
Kc5 55. Rg4 Kb5 56. c4+ Kc5 57. Rg5+ Kc6 58. Kd4 Kd6 59. c5+ Kc6 60. Rg6+ Kc7
61. Kd5 Kd7 62. c6+ Kd8 63. Kd6 Kc8 64. c7 Kb7 65. Kd7 Ka7 66. Rg8 Kb6 67. c8=Q
Kb5 68. Rg4 Kb6 69. Rb4+ Ka5 70. Rb3 Ka4 71. Qa8# {Black checkmated} 1-0

[Event "Team 45 45 League T57"]
[Site "Internet Chess Club"]
[Date "2013.06.01"]
[Round "2"]
[White "rhayder"]
[Black "Fogbound"]
[Result "1-0"]
[WhiteElo "1404"]
[BlackElo "1246"]
[Opening "Caro-Kann: classical variation"]
[ECO "B18"]
[Time "06:00:51"]
[TimeControl "2700+45"]

1. e4 c6 2. d4 d5 3. Nc3 dxe4 4. Nxe4 Bf5 5. f3 e6 6. Bf4 Bxe4 7. fxe4 Nf6 8. e5
Nd5 9. Bd2 Be7 10. c4 Nb6 11. Ba5 Qd7 12. Nf3 O-O 13. Bd3 Nc8 14. Qc2 Bh4+ 15.
g3 Bd8 16. Bxd8 Qxd8 17. Bxh7+ Kh8 18. Be4 Ne7 19. Qg2 Qa5+ 20. Nd2 Nf5 21. Qh3+
Nh6 22. Rf1 Qd8 23. Nf3 Qa5+ 24. Nd2 Qd8 25. Nb3 Na6 26. Rf6 Qxf6 27. exf6 Kg8
28. Qh4 Nf5 29. Qg5 g6 30. Bxf5 exf5 31. Qh6 Rfe8+ 32. Kd2 {Black resigns} 1-0

[Event "Team 45 45 League T57"]
[Site "Internet Chess Club"]
[Date "2013.06.01"]
[Round "2"]
[White "rapidfire"]
[Black "oldbookseller"]
[Result "1-0"]
[WhiteElo "1171"]
[BlackElo "991"]
[Opening "Scotch opening"]
[ECO "C44"]
[Time "12:30:35"]
[TimeControl "2700+45"]

1. e4 e5 2. Nf3 Nc6 3. d4 d6 4. d5 Nce7 5. Nc3 f5 6. Bg5 g6 7. Nh4 Qd7 8. Be2 a6
9. h3 b5 10. b4 Bg7 11. Bxe7 Qxe7 12. g3 Nf6 13. g4 f4 14. g5 Nd7 15. Nf3 O-O
16. h4 Nb6 17. h5 Qf7 18. h6 Bh8 19. Rg1 Bh3 20. Nh4 Qd7 21. Rg4 f3 22. Nxf3
Bxg4 23. Nxe5 Bxe5 24. Bxg4 Qf7 25. Be6 Bxc3+ 26. Kf1 Nc4 27. Qc1 Bd4 28. c3 Be5
29. Kg2 Kh8 30. Bxf7 Rxf7 31. Qd1 Raf8 32. Qe2 Bxc3 33. Rf1 Bxb4 34. f4 Bc5 35.
f5 Ne3+ 36. Kg1 Nxf1+ 37. Kxf1 gxf5 38. Kg2 Rg8 39. Qh5 Rgf8 40. Qe2 f4 41. Kf1
f3 42. Qc2 Bb6 43. Qc1 Re8 44. Qc2 Rg8 45. Qc3+ Rf6 46. Qxf6+ {Black resigns}
1-0

[Event "Team 45 45 League T57"]
[Site "Internet Chess Club"]
[Date "2013.06.09"]
[Round "2"]
[White "infiniteshug"]
[Black "xt"]
[Result "1-0"]
[WhiteElo "1840"]
[BlackElo "1651"]
[Opening "Sicilian: closed"]
[ECO "B23"]
[Time "13:13:54"]
[TimeControl "2700+45"]

1. e4 c5 2. Nc3 d6 3. f4 e6 4. Nf3 Nc6 5. Bc4 Nf6 6. d3 a6 7. a4 Be7 8. O-O O-O
9. Bb3 Bd7 10. Qe1 Qc7 11. Qg3 Kh8 12. Bd2 Nh5 13. Qh3 Nf6 14. Rae1 e5 15. f5
Na5 16. Ng5 Bc6 17. Bxf7 b5 18. Nxh7 Nxh7 19. Bg6 {Black resigns} 1-0

[Event "Team 45 45 League T57"]
[Site "Internet Chess Club"]
[Date "2013.05.30"]
[Round "2"]
[White "Warpdrive"]
[Black "clarinetref"]
[Result "0-1"]
[WhiteElo "1679"]
[BlackElo "1615"]
[Opening "Sicilian: Scheveningen (Paulsen), classical variation"]
[ECO "B84"]
[Time "19:07:51"]
[TimeControl "2700+45"]

1. e4 c5 2. Nf3 d6 3. d4 cxd4 4. Nxd4 Nf6 5. Nc3 a6 6. Be2 e6 7. O-O Be7 8. a4
O-O 9. Be3 Nc6 10. f4 Qc7 11. Nxc6 bxc6 12. a5 c5 13. Bf3 Rb8 14. b3 Bb7 15. Qd3
Rfd8 16. g4 Nd7 17. h4 Bxh4 18. Qe2 Bf6 19. Qd3 c4 20. bxc4 Nc5 21. Bxc5 Qxc5+
22. Kg2 Qd4 23. Ra3 Qc5 24. Na4 Qxa5 25. g5 Be7 26. Qc3 Qc7 27. Rb3 d5 28. e5 d4
29. Qd3 Bxf3+ 30. Qxf3 Qxc4 31. Rxb8 Rxb8 {White resigns} 0-1

[Event "Team 45 45 League T57"]
[Site "Internet Chess Club"]
[Date "2013.06.05"]
[Round "2"]
[White "tryanything"]
[Black "oldsj"]
[Result "1-0"]
[WhiteElo "1555"]
[BlackElo "1589"]
[Opening "Queen's pawn: London system"]
[ECO "A45"]
[Time "19:29:31"]
[TimeControl "2700+45"]

1. d4 Nf6 2. Bf4 g6 3. e3 Bg7 4. Nf3 O-O 5. c3 d6 6. Bd3 c5 7. O-O Nc6 8. Nbd2
Re8 9. Bc2 b5 10. a4 b4 11. h3 a5 12. e4 cxd4 13. cxd4 e5 14. dxe5 dxe5 15. Be3
Ba6 16. Re1 Qe7 17. Nb3 Red8 18. Qc1 Nd7 19. Rd1 Rac8 20. Rd2 Bc4 21. Qd1 Be6
22. Rc1 Nf6 23. Nc5 Rxd2 24. Qxd2 Rd8 25. Qe2 Bc8 26. Rd1 Rxd1+ 27. Qxd1 Nd7 28.
Nxd7 Bxd7 29. b3 Be6 30. Qd3 Qb7 31. Nd2 Qd7 32. Qxd7 Bxd7 33. Nc4 Bf6 34. Bb6
Be7 35. Nxa5 Nd4 36. Bd1 Be6 37. f3 f6 38. Kf2 Kf8 39. Ke3 Ke8 40. Bxd4 exd4+
41. Kxd4 Kd7 42. Nc4 Kc6 43. g4 Bc5+ 44. Kd3 Ba7 45. Ne3 Kc5 46. f4 Bb8 47. f5
Bf7 48. fxg6 hxg6 49. Ng2 g5 50. h4 gxh4 51. Nxh4 Be6 52. Nf5 Bxf5 53. exf5 Bf4
54. Ke4 Bg5 55. Be2 Bh6 56. a5 Bd2 57. a6 Kb6 58. Kd5 Bc3 59. Ke6 Bd2 60. Bc4
Be3 61. Kxf6 {Black resigns} 1-0

[Event "Team 45 45 League T57"]
[Site "Internet Chess Club"]
[Date "2013.06.09"]
[Round "2"]
[White "nanning"]
[Black "arnx813"]
[Result "1-0"]
[WhiteElo "1610"]
[BlackElo "1311"]
[Opening "Two knights defense (Modern bishop's opening)"]
[ECO "C55"]
[Time "04:00:02"]
[TimeControl "2700+45"]

1. e4 e5 2. Nf3 Nc6 3. Bc4 Nf6 4. d3 Be7 5. c3 d6 6. Bb3 O-O 7. h3 Na5 8. Bc2
Be6 9. O-O c5 10. Re1 b5 11. Nbd2 Qc7 12. Nf1 Rfd8 13. Ng5 Bd7 14. f4 h6 15. Nf3
Rac8 16. Ng3 Nc6 17. Qe2 a5 18. fxe5 Nxe5 19. Nxe5 dxe5 20. Nf5 Bf8 21. Rf1 Qb6
22. Kh1 Kh7 23. Qf2 Rc6 24. Qg3 g6 25. Nh4 b4 26. Bb3 Be8 27. Qxe5 Rxd3 28. Rxf6
Rxf6 29. Qxe8 Rf1+ 30. Kh2 Qd6+ 31. e5 Qe7 32. Qxe7 Bxe7 33. Bc4 Bxh4 34. Bxd3
Rd1 35. Bc2 Re1 36. Rb1 Re2 37. Bd3 Rxe5 38. Bf4 Rd5 39. Bc4 Rd7 40. cxb4 cxb4
41. b3 a4 42. g3 Bf6 43. bxa4 Bc3 44. a5 g5 45. Be3 Rc7 46. Bb3 Re7 47. Bb6 Rb7
48. Rf1 Kg7 49. Kg2 h5 50. Rf5 f6 51. Rc5 Bd4 52. Rc7+ Rxc7 53. Bxc7 {Black
resigns} 1-0

[Event "Team 45 45 League T57"]
[Site "Internet Chess Club"]
[Date "2013.06.03"]
[Round "2"]
[White "zap2"]
[Black "gcl"]
[Result "1/2-1/2"]
[WhiteElo "1784"]
[BlackElo "1677"]
[Opening "Réti: King's Indian attack"]
[ECO "A08"]
[Time "04:47:14"]
[TimeControl "2700+45"]

1. Nf3 d5 2. g3 c5 3. Bg2 Nc6 4. d3 e5 5. O-O Be7 6. Nbd2 Nf6 7. e4 O-O 8. h3
Be6 9. Re1 d4 10. b3 b5 11. Nh4 Qd7 12. Nf5 Bd8 13. Kh2 g6 14. Nh4 Nh5 15. Nf5
Ng7 16. Nxg7 Kxg7 17. a4 bxa4 18. Rxa4 Nb4 19. Nf3 f6 20. Bd2 a5 21. Qc1 Kg8 22.
Qb2 Qf7 23. Rea1 Bc7 24. h4 Rab8 25. Bh3 Bxh3 26. Kxh3 Qe6+ 27. Kg2 Qg4 28. Bxb4
cxb4 29. Nd2 f5 30. f3 Qh5 31. Qc1 fxe4 32. dxe4 Rf7 33. Qd1 Rbf8 34. Qe2 Kh8
35. Rh1 Bd8 36. Raa1 g5 37. g4 Qg6 38. h5 Qf6 39. Rhf1 Qc6 40. Nc4 Qb5 41. Qd3
Ra7 42. Ra4 Bc7 43. Rfa1 Rfa8 44. Qd2 h6 45. Qd3 Kg7 46. Nb2 Qc6 47. Qc4 Ra6 48.
Qxc6 Rxc6 49. Nc4 Rca6 50. Kf2 Kf7 51. Ke2 Ke6 52. Nb2 Rc6 53. Kd2 Rf8 54. Rf1
Rc3 55. Nd3 Bb6 56. Ra2 Bc7 57. Ra4 Rc6 58. Nb2 Rc3 59. Nd3 Rc6 {Game drawn by
mutual agreement} 1/2-1/2

[Event "Team 45 45 League T57"]
[Site "Internet Chess Club"]
[Date "2013.06.01"]
[Round "2"]
[White "parrot9"]
[Black "knightstormala"]
[Result "0-1"]
[WhiteElo "1654"]
[BlackElo "1831"]
[Opening "Sicilian: Pelikan, Chelyabinsk variation"]
[ECO "B33"]
[Time "16:31:21"]
[TimeControl "2700+45"]

1. e4 c5 2. Nf3 Nc6 3. d4 cxd4 4. Nxd4 Nf6 5. Nc3 e5 6. Ndb5 d6 7. Bg5 a6 8. Na3
b5 9. Nd5 Be7 10. Bxf6 Bxf6 11. c4 b4 12. Nc2 a5 13. Bd3 O-O 14. O-O Bg5 15. f4
exf4 16. Nxf4 Qb6+ 17. Kh1 Ne5 18. Nd5 Qa7 19. Rf5 Bxf5 20. exf5 Nxd3 21. Qxd3
Rfe8 22. Rf1 Bf6 23. Qg3 Kh8 24. Nxf6 gxf6 25. Qxd6 Qe7 26. Qd5 Qe2 27. Qd1 Rad8
28. Qc1 Rd2 {White resigns} 0-1

[Event "Team 45 45 League T57"]
[Site "Internet Chess Club"]
[Date "2013.06.01"]
[Round "2"]
[White "bayoumicardio10"]
[Black "Invicta-Knight"]
[Result "1-0"]
[WhiteElo "1661"]
[BlackElo "1471"]
[Opening "KP: Nimzovich defense"]
[ECO "B00"]
[Time "15:15:17"]
[TimeControl "2700+45"]

1. e4 Nc6 2. Nf3 d5 3. exd5 Qxd5 4. Nc3 Qd8 5. d4 Nf6 6. Bb5 Bd7 7. O-O a6 8.
Bxc6 Bxc6 9. Ne5 Bd5 10. Nxd5 Nxd5 11. Qf3 f6 12. Qh5+ g6 13. Nxg6 Rg8 14. Ne5+
Rg6 15. Nxg6 hxg6 16. Qxg6+ Kd7 17. c3 e6 18. Qf7+ Qe7 19. Qxe7+ Bxe7 20. g3 Rg8
21. h4 f5 22. Kh2 f4 23. Bxf4 Nxf4 24. gxf4 Bxh4 25. Rae1 Rh8 26. Kg2 Rg8+ 27.
Kf3 Be7 28. Rg1 Rxg1 29. Rxg1 Kd6 30. Rg7 b5 31. Ke4 a5 32. f5 exf5+ 33. Kxf5 c5
34. dxc5+ Kxc5 35. Rxe7 {Black resigns} 1-0

[Event "Team 45 45 League T57"]
[Site "Internet Chess Club"]
[Date "2013.06.03"]
[Round "2"]
[White "dscvdchk"]
[Black "akshayk06"]
[Result "1/2-1/2"]
[WhiteElo "1533"]
[BlackElo "1518"]
[Opening "QGD semi-Slav"]
[ECO "D43"]
[Time "13:04:13"]
[TimeControl "2700+45"]

1. d4 d5 2. c4 c6 3. Nc3 Nf6 4. Nf3 e6 5. Bg5 Be7 6. e3 O-O 7. Bd3 Nbd7 8. c5 b6
9. b4 a5 10. a3 bxc5 11. bxc5 Ba6 12. O-O Bxd3 13. Qxd3 h6 14. Bh4 Rb8 15. Rab1
Nh7 16. Bg3 Rxb1 17. Rxb1 Qa8 18. e4 Nhf6 19. h3 Rc8 20. Nd2 Bd8 21. Qe2 Bc7 22.
e5 Nh7 23. Nf3 Rb8 24. Rxb8+ Qxb8 25. Qc2 Bd8 26. Bf4 f6 27. Bg3 fxe5 28. Nxe5
Nxe5 29. Bxe5 Bc7 30. Bxc7 Qxc7 31. Qg6 Nf6 32. Na4 Qf4 33. Qd3 Ne4 34. Qe3 Qf5
35. Nb6 e5 36. dxe5 Qxe5 37. Nd7 Qe7 38. f3 Qxd7 39. fxe4 dxe4 40. Qxe4 {Game
drawn by mutual agreement} 1/2-1/2

[Event "Team 45 45 League T57"]
[Site "Internet Chess Club"]
[Date "2013.06.02"]
[Round "2"]
[White "Conjurer"]
[Black "Check101"]
[Result "1/2-1/2"]
[WhiteElo "1462"]
[BlackElo "1586"]
[Opening "King's Indian: London system"]
[ECO "A48"]
[Time "15:04:01"]
[TimeControl "2700+45"]

1. d4 Nf6 2. Nf3 g6 3. Bf4 Bg7 4. e3 d6 5. Bd3 O-O 6. c4 Nbd7 7. Nc3 Re8 8. O-O
e5 9. Bg5 h6 10. Bh4 g5 11. Bxg5 hxg5 12. Nxg5 c6 13. Qf3 Nf8 14. Bf5 exd4 15.
exd4 Bxf5 16. Qxf5 Ng6 17. Nce4 Nxe4 18. Qxf7+ Kh8 19. Nxe4 Rxe4 20. Qxg6 Rxd4
21. Rad1 Rxd1 22. Rxd1 Qe7 23. Qxd6 Qe2 24. Qd3 Qxb2 25. Qh3+ Kg8 26. Qe6+ Kf8
27. g3 Re8 28. Qd6+ Kg8 29. Qd7 Rf8 30. Qe6+ Kh8 31. Qh3+ Kg8 32. Qe6+ {Game
drawn by mutual agreement} 1/2-1/2

[Event "Team 45 45 League T57"]
[Site "Internet Chess Club"]
[Date "2013.06.02"]
[Round "2"]
[White "SeniorCitizen"]
[Black "guyd52"]
[Result "0-1"]
[WhiteElo "1318"]
[BlackElo "1360"]
[Opening "Pirc: classical system, 5.Be2"]
[ECO "B08"]
[Time "17:00:24"]
[TimeControl "2700+45"]

1. e4 d6 2. Nf3 Nf6 3. Nc3 g6 4. d4 Bg7 5. Be2 O-O 6. O-O Nbd7 7. Be3 c6 8. Qc1
e5 9. dxe5 Nxe5 10. Nxe5 dxe5 11. Bh6 Qc7 12. Kh1 Bg4 13. Bxg4 Nxg4 14. Bxg7
Kxg7 15. f4 Qb6 16. Rb1 Nf2+ {White resigns} 0-1

[Event "Team 45 45 League T57"]
[Site "Internet Chess Club"]
[Date "2013.05.30"]
[Round "2"]
[White "kirkig"]
[Black "jjaco"]
[Result "1-0"]
[WhiteElo "1099"]
[BlackElo "1085"]
[Opening "Queen's pawn game, Darooha variation "]
[ECO "D02"]
[Time "19:00:47"]
[TimeControl "2700+45"]

1. d4 d5 2. Nf3 Nf6 3. c4 e6 4. Bf4 Be7 5. e3 O-O 6. Be2 c5 7. Nc3 Nc6 8. O-O b6
9. Rc1 Bb7 10. Qc2 Ba6 11. cxd5 Bxe2 12. Qxe2 exd5 13. Rfd1 a6 14. e4 Nxe4 15.
Nxe4 f5 16. Neg5 Bxg5 17. Bxg5 Qd6 18. dxc5 bxc5 19. Qd2 Rfe8 20. Qxd5+ Qxd5 21.
Rxd5 h6 22. Be3 Nb4 23. Rxf5 Nd3 24. Rc4 Rac8 25. Bxc5 Nxb2 26. Rc2 Rcd8 27. g3
g6 28. Rf6 Kg7 29. Rxa6 Rd1+ 30. Kg2 Nd3 31. Bd4+ Kf7 32. Ra7+ Re7 33. Rxe7+
Kxe7 34. Rd2 Ne1+ 35. Kh3 Rc1 36. Nxe1 Rxe1 37. Rb2 Re4 38. Rb4 Re6 39. Kg4 Re4+
40. Kf3 Re6 41. h4 h5 42. a4 Re1 43. a5 Ra1 44. Bxa1 {Black resigns} 1-0